 Dungeon Crawl Stone Soup version 0.29.0-10-g45618ea6d2 (webtiles) character file.

Game seed: 660080854009423062

57 nickcage the Chopper (level 3, 0/31 HPs)
             Began as a Minotaur Abyssal Knight on Sept 1, 2022.
             Was a Believer of Lugonu.
             Slain by an orc
             ... wielding a +0 trident
              (5 damage)
             ... on level 2 of the Dungeon.
             The game lasted 00:02:57 (1041 turns).

nickcage the Chopper (Minotaur Abyssal Knight)      Turns: 1041, Time: 00:02:57

Health: 0/31       AC:  6    Str: 19    XL:     3   Next: 73%
Magic:  3/3        EV: 11    Int:  7    God:    Lugonu [**....]
Gold:   40         SH:  0    Dex: 10    Spells: 2/2 levels left

rFire   . . .      SeeInvis .   a - +1 hand axe
rCold   . . .      Faith    .   (no shield)
rNeg    . . .      Spirit   .   b - +0 leather armour
rPois   +          Reflect  .   (helmet restricted)
rElec   .          Harm     .   d - +0 cloak
rCorr   .          Rampage  .   g - +1 pair of gloves
Will    .....                   (no boots)
Stlth   +.........              (no amulet)
HPRegen 0.10/turn               h - ring of poison resistance
MPRegen 0.08/turn               (no ring)

@: no status effects
A: horns 2, retaliatory headbutt
a: Renounce Religion, Depart the Abyss, Bend Space


You were on level 2 of the Dungeon.
You worshipped Lugonu.
Lugonu was pleased with you.
You visited 1 branch of the dungeon, and saw 2 of its levels.
You visited the Abyss 1 time.

You collected 40 gold pieces.

Inventory:

Hand Weapons
 a - a +1 hand axe (weapon)
Armour
 b - a +0 leather armour (worn)
 d - a +0 cloak (worn)
 f - a +0 ring mail
 g - a +1 pair of gloves (worn)
Jewellery
 h - a ring of poison resistance (left hand)
Scrolls
 c - a scroll of amnesia {unknown}


   Skills:
 - Level 3.6 Fighting
 + Level 5.0 Axes
 - Level 2.4 Armour
 - Level 1.1 Dodging
 - Level 1.7 Invocations


You had 2 spell levels left.
You didn't know any spells.
Your spell library contained the following spells:

 Spells                   Type           Power      Damage    Failure   Level
 Magic Dart               Conj           0%         1d3       50%         1
 Sting                    Tmut/Pois      0%         1d3       50%         1
 Call Imp                 Summ           0%         N/A       63%         2
 Poisonous Vapours        Pois/Air       0%         N/A       63%         2
 Mephitic Cloud           Conj/Pois/Air  0%         N/A       86%         3
 Olgreb's Toxic Radiance  Pois           0%         N/A       99%         4


Dungeon Overview and Level Annotations

Branches:
Dungeon (2/15)

Altars:


Innate Abilities, Weirdness & Mutations

You have a pair of horns on your head.
You reflexively headbutt those who attack you in melee.


Message History

The poisoned dart completely misses the orc.
You throw a poisoned dart. The poisoned dart hits the orc.
You slash the orc!
The orc is almost dead.
The orc barely misses you. You furiously retaliate!
You headbutt the orc!
You kill the orc!
Lugonu accepts your kill.
Your Axes skill increases to level 5!
The orc hits you but does no damage.
You see here a +0 hand axe of flaming.
You closely miss the orc. Your headbutt misses the orc.
You barely miss the orc.
The orc hits you from afar with a +0 trident.
The orc hits you but does no damage. The orc hits you with a +0 dagger.
You barely miss the orc. You hit the orc but do no damage.
The orc barely misses you. The orc hits you but does no damage.
The orc barely misses you.
You hit the orc.
The orc is lightly wounded.
You hit the orc but do no damage. The orc barely misses you.
The orc hits you with a +0 club. The orc hits you with a +0 dagger.
You hit the orc. You headbutt the orc, but do no damage.
The orc is heavily wounded.
The orc hits you with a +0 dagger.
* * * LOW HITPOINT WARNING * * *
You hit the orc but do no damage. You headbutt the orc.
The orc is almost dead.
The orc hits you with a +0 dagger.
* * * LOW HITPOINT WARNING * * *
You hit the orc.
You kill the orc!
Lugonu accepts your kill. The orc hits you with a +0 club.
* * * LOW HITPOINT WARNING * * *
The orc misses you.
You hit the orc. Your punch misses the orc.
The orc is heavily wounded.
The orc hits you but does no damage.
The orc hits you from afar with a +0 trident.
You die...

.. ..#.....P...... ...
.....#............
.####..........P.[....
######g...#.......#.........
.#####.........#..............###
#.........o....#.................
#................#............###
#.......########.#............#
#.......# #@#......#.#####
#.......########o###.####.#.#
#.........o....#og.#......#.####
#........o..o..#...'..###......#
#........o.....#...##..##......#
........###.)......###.####....#.
....#######........# #...##....#.
..................## ###..#......
.(................#######.......#


You could see 2 orcs and a goblin.

Vanquished Creatures
  An adder (D:2)
  A dart slug (D:1)
  3 orcs (D:2)
  6 ball pythons (D:1)
  3 endoplasms
  A giant cockroach (D:1)
  4 hobgoblins (D:1)
  6 jackals (D:1)
  2 quokkas (D:1)
  2 bats (D:1)
  3 frilled lizards (D:1)
  3 kobolds
  5 rats (D:1)
40 creatures vanquished.

Notes
Turn   | Place    | Note
-------+----------+-------------------------------------------
     0 | Abyss:1  | nickcage the Minotaur Abyssal Knight began the quest for
                  | the Orb.
     0 | Abyss:1  | Reached XP level 1. HP: 19/19 MP: 1/1
     4 | Abyss:1  | Found a corrupted altar of Lugonu.
    31 | Abyss:1  | Noticed a small abomination
    35 | D:1      | Escaped the Abyss
   103 | D:1      | Reached ** piety under Lugonu
   104 | D:1      | Reached skill level 3 in Axes
   108 | D:1      | Reached XP level 2. HP: 14/26 MP: 2/2
   287 | D:1      | Found a faded altar of an unknown god.
   467 | D:1      | Reached skill level 4 in Axes
   627 | D:1      | Reached XP level 3. HP: 31/31 MP: 3/3
  1033 | D:2      | Reached skill level 5 in Axes
  1041 | D:2      | Slain by an orc

Illustrated notes

Levels and vault maps discovered:
D:1:      heliophobic_arrival_battle_scene, layout_rooms,
          shapermc_ecumenical_altar_pompeii
D:2:      layout_basic, serial_park_tiny_2, nicolae_wormholes

Skill      XL: |  1  2  3 |
---------------+----------+-----
Axes           | 3 4 5 |  5.0
Fighting       | |  3.6
Armour         | |  2.4
Dodging        | |  1.1
Invocations    | |  1.7

Action                   || total
-------------------------++-------
Melee: Hand axe          ||    72
       Headbutt          ||     5
       Punch             ||     1
Throw: Dart              ||     2
Invok: Depart the Abyss  ||     1
Armor: Leather armour    ||    26
Dodge: Dodged            ||    58
